 Dungeon Crawl Stone Soup version 0.29.1-12-g30fa7ad0bf (webtiles) character file.

Game seed: 16594893762620264644

2914 wormed the Grappler (level 9, -6/85 HPs)
             Began as a Troll Gladiator on Dec 23, 2022.
             Mangled by Erica
             ... wielding a +1 scimitar of flaming
              (12 damage)
             ... on level 8 of the Dungeon.
             The game lasted 00:08:09 (6108 turns).

wormed the Grappler (Troll Gladiator)               Turns: 6108, Time: 00:08:10

Health: -6/85      AC:  6    Str: 28    XL:     9   Next: 50%
Magic:  8/8        EV: 11    Int: 10    God:
Gold:   388        SH:  0    Dex: 11    Spells: 8/8 levels left

rFire   . . .      SeeInvis .     - Unarmed
rCold   . . .      Faith    .   (no shield)
rNeg    . . .      Spirit   .   D - +2 robe {Will+}
rPois   .          Reflect  .   b - +0 hat
rElec   .          Harm     .   (no cloak)
rCorr   .          Rampage  .   (gloves unavailable)
Will    +....                   (boots unavailable)
Stlth   +.........              v - amulet of the acrobat
HPRegen 1.04/turn               p - +6 ring of intelligence
MPRegen 0.11/turn               s - ring of wizardry

@: mighty
A: large, unfitting armour, claws 3, regeneration 1, shaggy fur 1, tough skin 1
a: no special abilities


You were on level 8 of the Dungeon.
You visited 2 branches of the dungeon, and saw 9 of its levels.
You also visited: Sewer.

You collected 388 gold pieces.

Inventory:

Missiles
 c - 3 throwing nets
 d - 3 large rocks (quivered)
Armour
 a - a +0 robe
 b - a +0 hat (worn)
 D - a +2 robe of willpower (worn)
Jewellery
 p - a +6 ring of intelligence (left claw)
 s - a ring of wizardry (right claw)
 v - an amulet of the acrobat (around neck)
Wands
 y - a wand of polymorph (8)
 A - a wand of charming (11)
Scrolls
 g - a scroll of magic mapping {unknown}
 h - a scroll of enchant weapon {unknown}
 i - 7 scrolls of teleportation {unknown}
 j - 2 scrolls of enchant armour {unknown}
 k - 8 scrolls of identify {unknown}
 l - 2 scrolls of fear
 o - 2 scrolls of amnesia {unknown}
 q - a scroll of brand weapon {unknown}
 t - a scroll of noise {unknown}
 u - a scroll of poison {unknown}
 x - 2 scrolls of immolation {unknown}
 z - a scroll of blinking {unknown}
Potions
 e - 2 potions of flight {unknown}
 f - 4 potions of curing
 m - 2 potions of cancellation {unknown}
 n - 2 potions of brilliance {unknown}
 r - 3 potions of mutation {unknown}
 w - a potion of degeneration {unknown}
 B - a potion of berserk rage {unknown}


   Skills:
 + Level 4.7 Fighting
 + Level 5.1 Throwing
 + Level 4.2 Armour
 + Level 5.1 Dodging
 * Level 8.3 Unarmed Combat


You had 8 spell levels left.
You didn't know any spells.
Your spell library contained the following spells:

 Spells                   Type           Power      Damage    Failure   Level
 Magic Dart               Conj           0%         1d3       16%         1
 Call Imp                 Summ           0%         N/A       22%         2
 Poisonous Vapours        Pois/Air       0%         N/A       22%         2
 Frozen Ramparts          Ice            0%         1d1       41%         3
 Gell's Gravitas          Tloc           0%         N/A       41%         3
 Lesser Beckoning         Tloc           0%         N/A       41%         3
 Mephitic Cloud           Conj/Pois/Air  0%         N/A       41%         3
 Teleport Other           Tloc           0%         N/A       41%         3
 Corpse Rot               Necr/Pois/Air  0%         N/A       80%         4
 Ice Form                 Ice/Tmut       0%         N/A       80%         4
 Summon Ice Beast         Ice/Summ       0%         N/A       80%         4


Dungeon Overview and Level Annotations

Branches:
Dungeon (8/15)             Temple (1/1) D:6           Sewer (visited)
   Lair: D:8-11

Altars:
Ashenzari
Cheibriados
Dithmenos
Elyvilon
Fedhas
Gozag
Kikubaaqudgha
Makhleb
Nemelex Xobeh
Sif Muna
Uskayaw
Xom
Yredelemnul
Zin
The Shining One

Annotations:
D:5 exclusion: oklob plant
D:8 Erica


Innate Abilities, Weirdness & Mutations

You are too large for most types of armour.
You have claws for hands.
Your natural rate of healing is unusually fast.
You are covered in fur. (AC +1)
You have tough skin. (AC +1)


Message History

No target in view!
No target in view!
You scratch something. Your claw misses something. Something hits you!
Something burns you.
You claw something!
You hear some strange, mumbled words.
A bolt of poison appears from out of thin air!
The bolt of poison hits you!!
You are poisoned.
You scratch something but do no damage.
You feel very sick. Something barely misses you.
You scratch something but do no damage.
You feel very sick. Something hits you. Something burns you.
You closely miss something.
You feel sick.
You claw something! Your claw misses something.
You feel very sick. Something hits you!
* * * LOW HITPOINT WARNING * * *
Something burns you!
* * * LOW HITPOINT WARNING * * *
You feel very mighty all of a sudden.
You feel sick. Something hits you.
* * * LOW HITPOINT WARNING * * *
Something burns you.
* * * LOW HITPOINT WARNING * * *
You closely miss something. Your claw misses something.
You feel sick. Something hits you.
* * * LOW HITPOINT WARNING * * *
Something burns you.
* * * LOW HITPOINT WARNING * * *
It was a potion of curing.
You feel better. Something hits you.
* * * LOW HITPOINT WARNING * * *
Something burns you.
* * * LOW HITPOINT WARNING * * *
As you read the scroll labelled URPHIE TYATOF, it crumbles to dust.
You assume a fearsome visage.
Nothing appears to happen.
It was a scroll of fear.
Something hits you!
You die...

#####......#
#..............#
#..........###.#
#..........#
#........#.#
#####....).......
#............>.###
#.###{......####
#@##..#.###
###.##))(...#
#.....))....#
#.#.##........
...#.##......##
#.#. #.##......#
#. .. #.##..#.###
. ## ...#..#.#
.....<..#


There were no monsters in sight!

Vanquished Creatures
  A wyvern (D:7)
  The ghost of wormed the Magician, an amateur DjFE (D:3)
  Duvessa (D:7)
  A sky beast (D:7)
  A black bear (D:5)
  4 phantoms
  A kobold brigand (D:6)
  A necrophage (D:6)
  4 bullfrogs
  9 wights
  A water moccasin zombie (D:4)
  Dowan (D:7)
  2 bullfrog zombies (D:4)
  2 hounds
  7 orc priests
  A centaur skeleton (D:4)
  A jelly (D:7)
  2 iguanas
  6 orc wizards
  2 hound zombies (D:4)
  A mummy (D:5)
  2 howler monkey zombies
  17 adders
  3 gnolls (D:5)
  3 river rats (D:6)
  3 white imps
  3 adder skeletons (D:4)
  2 adder zombies (D:4)
  5 worms (D:6)
  5 dart slugs
  28 orcs
  6 bats
  16 endoplasms
  13 giant cockroaches
  8 goblins
  8 hobgoblins
  4 jackals (D:5)
  17 quokkas
  12 ball pythons
  6 frilled lizards
  A hobgoblin zombie (D:6)
  15 kobolds
  A kobold zombie (D:6)
  2 orc zombies (D:6)
  A quokka zombie (D:3)
  8 rats
239 creatures vanquished.

Vanquished Creatures (others)
  A fungus (D:1)
  3 plants (D:1)
  4 withered plants (D:4)
8 creatures vanquished.

Grand Total: 247 creatures vanquished

Notes
Turn   | Place    | Note
-------+----------+-------------------------------------------
     0 | D:1      | wormed the Troll Gladiator began the quest for the Orb.
     0 | D:1      | Reached XP level 1. HP: 19/19 MP: 0/0
   156 | D:1      | Reached XP level 2. HP: 28/28 MP: 1/1
   358 | D:1      | You fall into a shaft and drop 1 floor!
   431 | D:1      | Reached XP level 3. HP: 35/35 MP: 2/2
   767 | D:1      | Found a faded altar of an unknown god.
   967 | D:2      | Found a white marble altar of Elyvilon.
  1080 | D:2      | Reached skill level 1 in Armour
  1441 | D:2      | Reached XP level 4. HP: 42/42 MP: 3/3
  1476 | D:2      | Reached skill level 4 in Unarmed Combat
  1633 | D:3      | Reached XP level 5. HP: 49/49 MP: 4/4
  2316 | D:3      | Found a runed translucent gate.
  2316 | D:3      | Found a runed translucent gate.
  2316 | D:3      | Found a runed translucent gate.
  2316 | D:3      | Noticed wormed's ghost (amateur DjFE)
  2318 | D:3      | Found a basalt altar of Yredelemnul.
  2332 | D:3      | Killed wormed's ghost
  2333 | D:3      | Reached XP level 6. HP: 44/59 MP: 5/5
  2634 | D:4      | Reached skill level 5 in Unarmed Combat
  2650 | D:4      | Reached XP level 7. HP: 34/67 MP: 6/6
  3079 | D:4      | Reached skill level 6 in Unarmed Combat
  3259 | D:5      | Entered Level 5 of the Dungeon
  3323 | D:5      | Reached XP level 8. HP: 56/75 MP: 7/7
  3450 | D:5      | Found a blossoming altar of Fedhas.
  3470 | D:5      | Noticed an oklob plant
  4233 | D:5      | Reached skill level 7 in Unarmed Combat
  4506 | D:6      | Found a staircase to the Ecumenical Temple.
  4587 | D:6      | Reached XP level 9. HP: 77/84 MP: 8/8
  4820 | D:6      | Found a glowing drain.
  4865 | Sewer    | Entered a sewer
  5268 | Temple   | Entered the Ecumenical Temple
  5450 | D:7      | Reached skill level 8 in Unarmed Combat
  5553 | D:7      | Noticed Dowan
  5620 | D:7      | Reached skill level 5 in Throwing
  5663 | D:7      | Noticed Duvessa
  5683 | D:7      | Killed Duvessa
  5684 | D:7      | Reached skill level 5 in Dodging
  5694 | D:7      | Killed Dowan
  6096 | D:8      | Noticed Erica
  6106 | D:8      | HP: 4/85 [something (4)]
  6108 | D:8      | Mangled by Erica

Illustrated notes

Levels and vault maps discovered:
D:1:      minmay_arrival_hallway, layout_basic,
          shapermc_ecumenical_altar_mp_ritualfount, dk_noncrumbling_2
D:2:      layout_loops_cross, basic_altar
D:3:      layout_basic, nicolae_yredelemnul_ghost_church
D:4:      layout_basic, serial_undead, serial_undead_a, serial_undead_a,
          serial_undead_b, serial_undead_b, serial_undead_b, serial_undead_b,
          serial_undead_e
D:5:      layout_basic, tgw_fedhas
D:6:      layout_gridville, minmay_temple_entry_statues_pillars,
          lightli_sewer_entry_pipes, minmay_misc_feat_x, minmay_mini_ossuary
D:7:      layout_basic, minivault_23, uniq_duvessa
D:8:      layout_loops_ring, nicolae_overflow_hidden_temple, special_room
          [special_room_orc], serial_shops, nicolae_shop_statue_plus,
          uniq_gastronok, uniq_erica
Temple:   nicolae_temple_god_jail

Skill      XL: |  1  2  3  4  5  6  7  8  9 |
---------------+----------------------------+-----
Throwing       | 2 3 4 5 |  5.1
Fighting       | 2 3 4 |  4.7
Armour         | 1 2 3 4 |  4.2
Unarmed Combat | 4 5 6 7 8 |  8.3
Dodging        | 3 4 5 |  5.1

Action                   |  1- 3 |  4- 6 |  7- 9 || total
-------------------------+-------+-------+-------++-------
Melee: Unarmed           |   107 |   145 |   421 ||   673
       Punch             |     1 |     3 |    17 ||    21
  Use: Potion            |       |       |     2 ||     2
       Scroll            |       |       |     1 ||     1
 Stab: Sleeping          |       |       |     2 ||     2
Armor: Robe              |    34 |    44 |   102 ||   180
Dodge: Dodged            |    51 |    80 |   187 ||   318
